 Dungeon Crawl Stone Soup version 0.20-a0-522-g0b37eee (webtiles) character file.

30 Kaname the Vexing (level 3, 24/24 HPs)
             Began as a Demonspawn Enchanter on Jan 26, 2017.
             Quit the game on level 1 of the Dungeon.
             The game lasted 00:04:26 (1226 turns).

Kaname the Vexing (Demonspawn Enchanter)            Turns: 1226, Time: 00:04:26

Health: 24/24      AC:  2    Str:  8    XL:     3   Next: 3%
Magic:  1/6        EV: 12    Int: 17    God:
Gold:   59         SH:  0    Dex: 13    Spells: 3/6 levels left

rFire    x . .     SeeInvis .   a - +1 dagger
rCold    + . .     Gourm    .   b - +0 robe
rNeg     . . .     Faith    .   (no shield)
rPois    .         Spirit   .   (no helmet)
rElec    .         Reflect  .   (no cloak)
rCorr    .         Harm     .   (no gloves)
MR       .....                  (no boots)
Stlth    ++........             (no amulet)
Regen    1.1/turn               (no ring)
                                g - ring of ice

@: no status effects
A: talons 1, powered by death 1
a: no special abilities


You were on level 1 of the Dungeon.
You were not hungry.

You visited 1 branch of the dungeon, and saw 2 of its levels.

You collected 59 gold pieces.

Inventory:

Hand Weapons
 a - a +1 dagger (weapon)
Armour
 b - a +0 robe (worn)
Jewellery
 g - a ring of ice (left hand)
Scrolls
 f - a scroll of remove curse {unknown}
 m - a scroll of blinking {unknown}
 n - 2 scrolls of identify {unknown}
Potions
 e - a potion of lignification {unknown}
 j - a potion of curing {unknown}
 k - a potion of cancellation {unknown}
 l - 2 potions of haste {unknown}
Books
 c - a book of Maledictions

   Spells                             Type                      Level
   a - Corona                         Hexes                        1
   b - Ensorcelled Hibernation        Hexes/Ice                    2
   c - Confuse                        Hexes                        3
   d - Tukima's Dance                 Hexes                        3
   e - Dazzling Spray                 Conjuration/Hexes            3
Comestibles
 d - 2 bread rations
 h - a meat ration
 i - a royal jelly


   Skills:
 + Level 2.7 Short Blades
 - Level 1.7 Dodging
 - Level 2.6 Stealth
 - Level 2.0 Spellcasting
 - Level 3.0 Hexes


You had 3 spell levels left.
You knew the following spells:

 Your Spells              Type           Power        Failure   Level  Hunger
a - Corona                Hex            ##.....      6%          1    #......
b - Ensorcelled Hibernat  Hex/Ice        ##....       17%         2    ###....


Dungeon Overview and Level Annotations

Branches:
Dungeon (2/15)

Altars:


Innate Abilities, Weirdness & Mutations

You have sharp toenails.
You regenerate a little health from kills.


Message History

Aim: a leopard gecko (chance to defeat MR: 58%)
You feel a surge of power!
The leopard gecko resists with significant effort.
Casting: Ensorcelled Hibernation
Confirm with . or Enter, or press ? or * to list all spells.
Aiming: Ensorcelled Hibernation
Press: ? - help, Shift-Dir - straight line, f/p - leopard gecko
Aim: a leopard gecko (chance to defeat MR: 58%)
You feel a surge of power!
The leopard gecko looks drowsy...
The helpless leopard gecko fails to defend itself.
You puncture the leopard gecko!
You kill the leopard gecko!
You have reached level 3!
Your experience leads to an increase in your attributes!
Increase (S)trength, (I)ntelligence, or (D)exterity?
You feel clever.
You feel monstrous as your demonic heritage exerts itself.
Your demonic ancestry asserts itself...
Your toenails lengthen and sharpen.
Are you sure you want to abandon this character and quit the game? (Confirm with "yes".)

.....,*,,(,,,,,,*,,***** *,,*
.....,##,,*)*,,**......#***,*
.......##**⌠****,.......***,*
####.8..++⌠<⌠++,,8......,**,*
.......####⌠####,.......,**,*
.###..##..#+#..##.......,**,*
......#.........#.......,**,*
...#.........##.........,**,*
................@)......***,*
##............##........,**,*
####.......##...........,**,*
# #....................,,,,*
# #.......####.........,*,,*
# #.......# #.).......,****
#.......# #.........,*
#.......# ##.......(**
######### **,,,,,,**


There were no monsters in sight!

Vanquished Creatures
  A leopard gecko (D:1)
  4 giant cockroaches (D:1)
  4 goblins (D:1)
  5 hobgoblins (D:1)
  A ball python (D:1)
  2 bats (D:1)
  A frilled lizard (D:1)
  4 kobolds (D:1)
  4 rats (D:1)
26 creatures vanquished.

Notes
Turn   | Place    | Note
-------+----------+-------------------------------------------
     0 | D:1      | Kaname the Demonspawn Enchanter began the quest for the Orb.
     0 | D:1      | Reached XP level 1. HP: 13/13 MP: 3/3
    12 | D:1      | Reached skill level 1 in Short Blades
   213 | D:1      | Gained mutation: You regenerate a little health from kills. [demonic ancestry]
   213 | D:1      | Reached XP level 2. HP: 6/19 MP: 3/5
   217 | D:1      | Learned a level 2 spell: Ensorcelled Hibernation
  1225 | D:1      | Gained mutation: You have sharp toenails. [demonic ancestry]
  1225 | D:1      | Reached XP level 3. HP: 24/24 MP: 1/6
  1226 | D:1      | Quit the game

Vault maps used:
D:1:      grunt_arrival_crossed_arrows
D:2:      chequers_ecumenical_altar_simple

Skill      XL: |  1  2 |
---------------+-------+-----
Short Blades   | 1 2 |  2.7
Dodging        | |  1.7
Stealth        | |  2.6
Spellcasting   | |  2.0
Hexes          | |  3.0

Action                   || total
-------------------------++-------
Melee: Dagger            ||   113
 Cast: Corona            ||     6
       Ensorcelled Hiber ||     8
 Stab: Sleeping          ||     4
  Eat: Chunk             ||     2
Armor: Robe              ||    13
Dodge: Dodged            ||    59
